 Dungeon Crawl Stone Soup version 0.17-a0-764-gd40c196 (webtiles) character file.

128 karvarausku the Slasher (level 4, -6/38 HPs)
             Began as a Draconian Fighter on Apr 23, 2015.
             Mangled by a gnoll
             ... wielding a +0 halberd
              (10 damage)
             ... on level 2 of the Dungeon.
             The game lasted 00:03:03 (1620 turns).

karvarausku the Slasher (Draconian Fighter)         Turns: 1620, Time: 00:03:04

Health: -6/38      AC:  6    Str: 18    XL:     4   Next: 87%
Magic:  4/4        EV: 10    Int:  9    God:
Gold:   34         SH:  8    Dex: 11    Spells: 0 memorised, 3 levels left

rFire  . . .     SeeInvis .     a - +0 long sword
rCold  . . .     Clarity  .     (armour unavailable)
rNeg   . . .     SustAb   .     b - +0 shield
rPois  .         Gourm    .     (helmet restricted)
rElec  .         Spirit   .     s - +0 cloak
rCorr  .         Warding  .     (no gloves)
rMut   .         Stasis   .     (no boots)
MR     .....                    (no amulet)
Stlth  +.........               (no ring)
                                (no ring)

@: drained, not resistant to hostile enchantments, very unstealthy
A: unfitting armour, cold-blooded, AC +5
a: no special abilities


You were on level 2 of the Dungeon.
You were hungry.

You visited 1 branch of the dungeon, and saw 2 of its levels.

You collected 34 gold pieces.

Inventory:

Hand weapons
 a - a +0 long sword (weapon)
 r - a +3 quarterstaff of chaos
Armour
 b - a +0 shield (worn)
 s - a +0 cloak (worn)
Jewellery
 o - an uncursed ring of wizardry {unknown}
Scrolls
 e - a scroll of identify {unknown}
 k - a scroll of recharging {unknown}
 n - a scroll of fog {unknown}
 p - a scroll of enchant armour {unknown}
Potions
 c - a potion of might
 f - 2 potions of brilliance {unknown}
 i - a potion of restore abilities {unknown}
 l - a potion of mutation {unknown}
 t - a potion of heal wounds {unknown}
 u - a potion of flight {unknown}
Comestibles
 d - 2 bread rations
 g - 8 fruits
 j - a meat ration
 m - a royal jelly


   Skills:
 - Level 3.2(3.1) Fighting
 + Level 5.1(5.0) Long Blades
 - Level 2.6(2.5) Dodging
 - Level 3.0(2.8) Shields


You had 3 spell levels left.
You didn't know any spells.

Dungeon Overview and Level Annotations

Branches:
Dungeon (2/15)

Altars:


Innate Abilities, Weirdness & Mutations

Your plain brown scales are hard (AC +5).
Your body does not fit into most forms of armour.
You are cold-blooded and may be slowed by cold attacks.


Message History

There is a stone staircase leading up, spattered with blood here.
You slash the gnoll!
The gnoll is heavily wounded.
You block the gnoll's attack.
You hit the gnoll.
The gnoll is almost dead.
The gnoll hits you with a halberd!
You barely miss the gnoll.
The gnoll is almost dead.
The gnoll hits you with a halberd!
* * * LOW HITPOINT WARNING * * *
You are too injured to fight recklessly!
You are too injured to fight recklessly!
Your shield prevents you from hitting the gnoll.
The gnoll is almost dead.
You block the gnoll's attack.
Your shield prevents you from hitting the gnoll.
The gnoll is almost dead.
The gnoll hits you with a halberd!
You die...

.#.##......###......##
##...... ...####.####
#...###.## ##.######
..........# ##.## ##.###g##
# ##>>#####.# #.# ##)#.##
## #..# ###.# #.##
##.########. #..#
#...#####..######.#........
##..#
#...........(.g.....######.
##..#
#...######g######...######.
....# ##..# #@# #..........
##### #.(# #.# #..#######>
# #..# #.# #..# #. # #..#
#.# #..# #. ########..# #.#
#..#######. ..........# #.#
#.......... ########.##
##.## #.#########
########.# #...# #.# #
.........# ###...###
#.#########


You could see a gnoll.

Vanquished Creatures
  Crazy Yiuf (D:2)
  2 adders (D:2)
  3 gnolls
  2 worms (D:2)
  3 giant geckos
  5 goblins
  9 hobgoblins
  2 jackals (D:2)
  2 kobolds
  2 quokkas (D:2)
  4 bats
  2 giant cockroaches (D:1)
  3 giant newts
  10 rats
50 creatures vanquished.

Notes
Turn   | Place    | Note
--------------------------------------------------------------
     0 | D:1      | karvarausku, the Draconian Fighter, began the quest for the Orb.
     0 | D:1      | Reached XP level 1. HP: 19/19 MP: 1/1
   150 | D:1      | Reached XP level 2. HP: 23/26 MP: 2/2
   600 | D:2      | Reached XP level 3. HP: 27/31 MP: 3/3
   652 | D:2      | Reached skill level 4 in Long Blades
   987 | D:2      | Noticed Crazy Yiuf
   996 | D:2      | Killed Crazy Yiuf
   996 | D:2      | Reached XP level 4. HP: 24/38 MP: 4/4
  1196 | D:2      | Reached skill level 5 in Long Blades
  1620 | D:2      | Mangled by a gnoll

Action                   |  1- 3 |  4- 6 || total
-------------------------+-------+-------++-------
Melee: Long sword        |   140 |    57 ||   197
  Use: Scroll            |       |     1 ||     1
 Stab: Sleeping          |     1 |       ||     1
  Eat: Chunk             |     1 |     1 ||     2
